 Dungeon Crawl Stone Soup version 0.28.0-43-g3370ac3207 (webtiles) character file.

Game seed: 10676604396582564921

5017 nickcage the Arsonist (level 10, -6/50 HPs)
             Began as a Deep Elf Fire Elementalist on Mar 18, 2022.
             Was a Believer of Sif Muna.
             Succumbed to a gnoll sergeant's poison
             ... on level 8 of the Dungeon on Mar 21, 2022.
             The game lasted 00:41:27 (11539 turns).

nickcage the Arsonist (Deep Elf Fire Elementalist) Turns: 11539, Time: 00:41:28

Health: -6/50      AC:  7    Str:  5    XL:     10   Next: 30%
Magic:  15/26      EV: 13    Int: 25    God:    Sif Muna [**....]
Gold:   393        SH:  0    Dex: 15    Spells: 12/29 levels left

rFire   + . .      SeeInvis .   j - +3 dagger (freeze)
rCold   . . .      Faith    .   (no shield)
rNeg    . . .      Spirit   .   K - +0 steam dragon scales
rPois   .          Reflect  .   s - +1 helmet
rElec   .          Harm     .   (no cloak)
rCorr   .          Rampage  .   (no gloves)
Will    ++...                   (no boots)
Stlth   ++........              (no amulet)
HPRegen 0.16/turn               o - ring of willpower
MPRegen 0.20/turn               n - ring of protection from fire

@: lethally poisoned (-6 -> -32)
A: no striking features
a: Renounce Religion, Channel Magic


You were on level 8 of the Dungeon.
You worshipped Sif Muna.
Sif Muna was pleased with you.
You visited 1 branch of the dungeon, and saw 9 of its levels.
You also visited: Sewer and Ossuary.

You collected 610 gold pieces.
You spent 217 gold pieces at shops.

Inventory:

Hand Weapons
 c - a +0 club
 d - a +0 dagger
 i - a +2 whip of electrocution
 j - a +3 dagger of freezing (weapon)
Missiles
 q - 2 throwing nets
Armour
 a - a +0 robe
 s - a +1 helmet (worn)
 w - a +1 pair of gloves
 K - +0 steam dragon scales (worn)
Jewellery
 l - a ring of protection from cold
 n - a ring of protection from fire (right hand)
 o - a ring of willpower (left hand)
 u - a +4 ring of slaying
 z - a ring of flight
 A - an amulet of faith
 H - a ring of see invisible
Wands
 e - a wand of flame (21)
 D - a wand of acid (16)
 L - a wand of iceblast (12)
Scrolls
 b - 6 scrolls of identify
 k - a scroll of enchant weapon
 p - 4 scrolls of vulnerability
 v - a scroll of silence
 x - a scroll of fear
 y - a scroll of holy word {unknown}
 B - 2 scrolls of blinking {unknown}
 E - a scroll of acquirement {unknown}
 N - a scroll of teleportation
Potions
 f - a potion of cancellation
 h - 10 potions of curing {unknown}
 m - 3 potions of lignification {unknown}
 t - a potion of berserk rage
 C - a potion of magic {unknown}
 F - 2 potions of flight {unknown}
 G - a potion of degeneration {unknown}
 I - a potion of brilliance {unknown}
 J - a potion of resistance {unknown}
 M - a potion of attraction {unknown}


   Skills:
 * Level 4.2 Dodging
 - Level 2.4 Stealth
 - Level 10.0 Spellcasting
 - Level 4.1 Conjurations
 - Level 1.5 Hexes
 - Level 1.0 Necromancy
 * Level 13.4 Fire Magic
 * Level 2.9 Invocations


You had 12 spell levels left.
You knew the following spells:

 Your Spells              Type           Power      Damage    Failure   Level
a - Foxfire               Conj/Fire      100%       2x1d9     1%          1
b - Scorch                Fire           100%       2d10      1%          2
c - Conjure Flame         Conj/Fire      54%        6-21      1%          3
d - Flame Wave            Conj/Fire      54%        2d11      1%          4
e - Sublimation of Blood  Necr           17%        N/A       4%          2
f - Slow                  Hex            80%        N/A       2%          1
g - Sticky Flame          Conj/Fire      54%        2d7       1%          4

Your spell library contained the following spells:

 Spells                   Type           Power      Damage    Failure   Level
 Inner Flame              Hex/Fire       49%        N/A       1%          3
 Static Discharge         Conj/Air       22%        N/A       3%          2
 Blink                    Tloc           24%        N/A       8%          2
 Wereblood                Tmut           12%        N/A       8%          2
 Confusing Touch          Hex            20%        N/A       8%          3
 Vampiric Draining        Necr           17%        2d7       10%         3
 Lesser Beckoning         Tloc           12%        N/A       14%         3
 Dispel Undead            Necr           17%        3d10      30%         4
 Manifold Assault         Tloc           12%        N/A       80%         5
 Summon Hydra             Summ           6%         N/A       100%        7


Dungeon Overview and Level Annotations

Branches:
Dungeon (9/15)             Temple (0/1) D:7           Sewer (visited)
Ossuary (visited)
   Lair: D:8-11         Orc: D:9-12

Altars:
Qazlal
Sif Muna
Wu Jian

Shops:
D:6 (*   D:7 [

Annotations:
D:4 2 runed translucent doors
D:6 2 runed translucent doors, Zeld's ghost, amateur NaVM


Message History

Flames lash the gnoll.
You kill the gnoll!
Sif Muna accepts your kill.
You feel sick.
A gnoll comes into view. It is wielding a +0 halberd.
The gnoll sergeant hits you from afar with a +0 spear of venom.
You are more poisoned.
Flames lash the gnoll.
You kill the gnoll!
Sif Muna accepts your kill.
You feel very sick.
You hear an angry buzzing noise.
The gnoll sergeant closely misses you.
Flames lash the gnoll sergeant.
The gnoll sergeant is burned terribly!
The gnoll sergeant is heavily wounded.
You feel very sick.
You hear an angry buzzing noise.
The gnoll sergeant hits you from afar with a +0 spear of venom.
You are more poisoned.
Flames lash the gnoll sergeant.
The gnoll sergeant is burned terribly!
The gnoll sergeant is almost dead.
You feel very sick.
You hear a shout!
You hear an angry buzzing noise.
The gnoll sergeant hits you from afar with a +0 spear of venom!
* * * LOW HITPOINT WARNING * * *
You are more poisoned.
You are too injured to fight recklessly!
Casting: Scorch (safe; 1% risk of failure)
Press: ? - help, Q - select action, (/) - cycle Dir - look around, f - activate Flames lash the gnoll sergeant.
The gnoll sergeant is almost dead.
* * * LOW HITPOINT WARNING * * *
You feel extremely sick.
The gnoll sergeant hits you but does no damage.
You are more poisoned.
* * * LOW HITPOINT WARNING * * *
You feel extremely sick. The gnoll sergeant misses you.
You climb upwards.
You die...

#.#....#..##...###.#.############
#......#..#....+........>........
#.#.......#....###.#.############
.......#..#.#......#K#
#.#.###...#.#.######.#
..........#.#.# #o#
..#.....#.#.#.######.#
#..######............#
...............)@#####
##..#####.#.####.....############
...............'.................
###.#####.#.####.....############
..........#.# #.....#
###..######.##########
............#.......#
####..#####.#.......# ##.##
#.#.......#


There were no monsters in sight!

Vanquished Creatures
  A two-headed ogre (D:5)
  Eustachio (D:6)
  A steam dragon (D:8)
  3 water moccasins
  Pargi (Sewer)
  2 orc warriors
  A sky beast (D:8)
  4 necrophages
  A black bear (D:6)
  2 centaurs
  3 ogres
  3 kobold brigands
  5 bullfrogs
  A gnoll sergeant (D:5)
  3 wyvern zombies
  3 scorpions
  5 water moccasin zombies (Ossuary)
  A vampire bat (D:5)
  5 killer bees (D:8)
  A howler monkey (D:4)
  A bullfrog zombie (D:4)
  3 centaur zombies
  A hound (D:7)
  A centaur skeleton (D:7)
  7 orc priests
  2 bullfrog skeletons
  A jelly (D:6)
  2 iguanas
  11 orc wizards
  2 hound zombies
  A hound skeleton (D:4)
  2 mummies (Ossuary)
  4 gnolls
  4 adders
  An ufetubus (D:5)
  8 adder zombies
  An adder skeleton (D:4)
  A dart slug (D:5)
  20 orcs
  17 bats
  7 endoplasms
  4 giant cockroaches
  6 goblins
  7 hobgoblins
  2 jackals (D:2)
  20 kobolds
  2 quokkas (D:4)
  7 ball pythons
  3 frilled lizards
  4 gnoll zombies (Ossuary)
  7 hobgoblin zombies (Ossuary)
  4 kobold zombies (Ossuary)
  5 orc zombies (Ossuary)
  10 rats
225 creatures vanquished.

Vanquished Creatures (others)
  34 foxfires
  A withered plant (D:4)
35 creatures vanquished.

Grand Total: 260 creatures vanquished

Notes
Turn   | Place    | Note
-------+----------+-------------------------------------------
     0 | D:1      | nickcage the Deep Elf Fire Elementalist began the quest for
                  | the Orb.
     0 | D:1      | Reached XP level 1. HP: 10/10 MP: 6/6
   287 | D:1      | Reached skill level 4 in Fire Magic
   287 | D:1      | Reached XP level 2. HP: 15/15 MP: 6/8
   290 | D:1      | Learned a level 2 spell: Scorch
   528 | D:1      | Found a faded altar of an unknown god.
  1127 | D:2      | Reached XP level 3. HP: 19/19 MP: 4/9
  1773 | D:2      | Reached skill level 5 in Fire Magic
  1778 | D:2      | Learned a level 3 spell: Conjure Flame
  2633 | D:3      | Reached XP level 4. HP: 19/24 MP: 3/11
  2725 | D:3      | Noticed a water moccasin
  2853 | D:3      | Killed a water moccasin
  2854 | D:3      | Reached skill level 6 in Fire Magic
  2854 | D:3      | Reached XP level 5. HP: 28/28 MP: 2/13
  2859 | D:3      | Learned a level 4 spell: Flame Wave
  3140 | D:3      | Reached skill level 5 in Spellcasting
  3140 | D:3      | Reached XP level 6. HP: 18/32 MP: 6/15
  3676 | D:4      | Learned a level 2 spell: Sublimation of Blood
  3832 | D:4      | Learned a level 1 spell: Slow
  3856 | D:4      | Reached XP level 7. HP: 13/36 MP: 1/18
  4152 | D:4      | Found a large runed translucent door.
  4153 | D:4      | Found a large runed translucent door.
  4189 | D:4      | Reached skill level 7 in Fire Magic
  4376 | D:4      | Found a large runed translucent door.
  4376 | D:4      | Found a large runed translucent door.
  4557 | D:4      | Identified the +5 pair of boots of Demons {rElec rC+ MP-9
                  | Str+5}
  4678 | D:5      | Entered Level 5 of the Dungeon
  4715 | D:5      | Reached skill level 1 in Hexes
  4775 | D:5      | Found a glowing drain.
  4780 | Sewer    | Entered a sewer
  4835 | Sewer    | Noticed Pargi
  4849 | Sewer    | Killed Pargi
  5018 | D:5      | Reached XP level 8. HP: 41/41 MP: 11/22
  5210 | D:5      | Reached skill level 8 in Fire Magic
  5340 | D:5      | Reached skill level 1 in Necromancy
  5501 | D:5      | Found a shimmering blue altar of Sif Muna.
  5507 | D:5      | Noticed a two-headed ogre
  5529 | D:5      | Killed a two-headed ogre
  5530 | D:5      | Reached skill level 9 in Fire Magic
  5530 | D:5      | Became a worshipper of Sif Muna the Loreminder
  5785 | D:5      | Reached XP level 9. HP: 39/45 MP: 19/24
  5938 | D:5      | Reached skill level 10 in Fire Magic
  6275 | D:5      | Reached skill level 10 in Spellcasting
  6671 | D:6      | Found Pihus's General Store.
  6678 | D:6      | Bought a scroll of enchant armour for 105 gold pieces
  6678 | D:6      | Bought a +0 pair of gloves for 63 gold pieces
  6678 | D:6      | Bought a scroll of fear for 49 gold pieces
  6697 | D:6      | Found Mudeiw's Antique Weapon Shop.
  6760 | D:6      | Found an ornate altar of the Wu Jian Council.
  6794 | D:6      | You fall into a shaft and drop 1 floor!
  6903 | D:6      | Reached skill level 1 in Invocations
  7027 | D:6      | Noticed Eustachio
  7226 | D:6      | Killed Eustachio
  7227 | D:6      | Reached skill level 11 in Fire Magic
  7429 | D:6      | Found a runed translucent door.
  7432 | D:6      | Noticed Zeld's ghost (amateur NaVM)
  7552 | D:6      | Found a runed translucent door.
  7571 | D:6      | Found a stormy altar of Qazlal.
  7600 | D:6      | Learned a level 4 spell: Sticky Flame
  8270 | D:7      | Reached skill level 12 in Fire Magic
  8813 | D:7      | Found Orur's Armour Shop.
  8943 | D:7      | Found a staircase to the Ecumenical Temple.
  9012 | D:7      | Reached * piety under Sif Muna
  9346 | D:8      | Reached XP level 10. HP: 47/50 MP: 13/26
  9437 | D:8      | Found a sand-covered staircase.
  9443 | Ossuary  | Entered an ossuary
  9775 | Ossuary  | Reached ** piety under Sif Muna
 10466 | D:8      | Reached skill level 13 in Fire Magic
 11538 | D:9      | HP: 2/50 [poisoned by a gnoll sergeant]
 11539 | D:8      | Succumbed to a gnoll sergeant's poison

Illustrated notes

Levels and vault maps discovered:
D:1:      minmay_arrival_up_and_down, layout_loops_ring,
          hellmonk_ecumenical_altar_arch_garden
D:2:      layout_basic, minmay_misc_feat_secret_circle, wad_orctagon
D:3:      layout_rooms
D:4:      layout_gridville, serial_undead, serial_undead_f, serial_undead_b,
          serial_undead_b, serial_undead_b, minmay_hollow_rounded_squares
D:5:      layout_gridville, nicolae_sif_muna_condensation, portal_sewer_entry_e,
          roderic_batcave, minmay_between
D:6:      layout_loops_ring, mainiacjoe_overflow_brackets, lemuel_round_altar,
          serial_shops, shop, shop, ebering_ghost_sewer_f, uniq_eustachio
D:7:      minmay_evil_eye, layout_loops_corners, minmay_temple_entry_poolview,
          serial_shops, shop
D:8:      layout_basic, lightli_ossuary_entry_decrepit_ruins
D:9:      layout_basic, david_orc_5

Skill      XL: |  1  2  3  4  5  6  7  8  9 10 |
---------------+-------------------------------+-----
Fire Magic     | 4 5 6 7 9 12 13 | 13.4
Spellcasting   | 4 5 6 8 9 10 | 10.0
Conjurations   | 2 3 4 |  4.1
Hexes          | 1 |  1.5
Necromancy     | 1 |  1.0
Invocations    | 2 |  2.9
Dodging        | 3 4 |  4.2
Stealth        | |  2.4

Action                   |  1- 3 |  4- 6 |  7- 9 | 10-12 || total
-------------------------+-------+-------+-------+-------++-------
Melee: Dagger            |    45 |     5 |    21 |     3 ||    74
       Club              |     3 |       |       |       ||     3
       Punch             |     2 |       |     2 |     1 ||     5
 Cast: Foxfire           |     5 |     5 |     9 |     1 ||    20
       Scorch            |    40 |    47 |   161 |    91 ||   339
       Conjure Flame     |       |       |     9 |     2 ||    11
       Slow              |       |       |     1 |       ||     1
       Flame Wave        |       |       |     1 |     5 ||     6
       Sublimation of Bl |       |       |     1 |       ||     1
       Sticky Flame      |       |       |       |     1 ||     1
  Use: Scroll            |       |       |     9 |     3 ||    12
 Stab: Sleeping          |     5 |       |     7 |     1 ||    13
Armor: Robe              |     6 |     7 |    12 |    11 ||    36
       Steam dragon scal |       |       |       |     6 ||     6
Dodge: Dodged            |    38 |    19 |    48 |    29 ||   134
